 Dungeon Crawl Stone Soup version 0.26.1-2-gb8aa6d0cf2 (webtiles) character file.

Game seed: 333324946313069426

311222 Omniphobia the Ruinous (level 20, -11/146 HPs)
             Began as a Demonspawn Conjurer on Feb 10, 2021.
             Was the Champion of Vehumet.
             Killed from afar by a quicksilver dragon (42 damage)
             ... with a bolt of dispelling energy
             ... on level 5 of the Vaults.
             The game lasted 02:44:29 (44218 turns).

Omniphobia the Ruinous (Demonspawn Conjurer)       Turns: 44218, Time: 02:44:32

Health: -11/146    AC: 19    Str: 15 (16) XL:     20   Next: 75%
Magic:  4/37       EV: 16    Int: 30      God:    Vehumet [******]
Gold:   4611       SH:  7    Dex: 11      Spells: 4/45 levels left

rFire    + . .     SeeInvis .   G - +6 demon trident (elec)
rCold    + . .     Faith    .   B - +2 buckler {AC+3}
rNeg     + . .     Spirit   .   t - +0 swamp dragon scales
rPois    +         Reflect  .   p - +0 helmet
rElec    .         Harm     .   h - +0 cloak
rCorr    .         Rampage  .   g - +0 pair of gloves of Lugonu's Scorn {rF+ Str+5} (curse)
Will     +....                  (boots unavailable)
Stlth    +.........             K - amulet of regeneration
HPRegen  0.74/turn              H - ring of protection from cold
MPRegen  0.25/turn              S - +4 ring of protection

@: mighty, agile, marked, studying Hexes
A: talons 3, deterioration 1, negative energy resistance 1, powered by pain 3,
robust 1, screaming 1, spiny 3, 50% torment resistance, wild magic 1, big brain
2
}: 1/15 runes: decaying
a: Renounce Religion


You were on level 5 of the Vaults.
You worshipped Vehumet.
Vehumet was exalted by your worship.
You visited 6 branches of the dungeon, and saw 33 of its levels.
You also visited: Gauntlet and Ice Cave.

You collected 5077 gold pieces.
You spent 466 gold pieces at shops.

Inventory:

Hand Weapons
 G - a +6 demon trident of electrocution (weapon)
Missiles
 a - 6 throwing nets
Armour
 g - the cursed +0 pair of gloves of Lugonu's Scorn (worn) {rF+ Str+5}
   (You found it on level 1 of the Vaults)

   It affects your strength (+5).
   It protects you from fire.
   It has a curse placed upon it.
 h - a +0 cloak (worn)
 p - a +0 helmet (worn)
 t - +0 swamp dragon scales (worn)
 B - a +2 buckler of protection (worn)
Magical Staves
 s - an uncursed staff of conjuration
Jewellery
 v - an uncursed ring of positive energy
 x - the ring "Cataaph" {rF+ Int+4}
   (You acquired it on level 3 of the Vaults)

   [ring of protection from fire]

   It affects your intelligence (+4).
   It protects you from fire.
 H - a ring of protection from cold (left hand)
 K - an amulet of regeneration (around neck)
 M - an uncursed ring of poison resistance
 R - a +4 ring of evasion
 S - a +4 ring of protection (right hand)
 X - an uncursed ring of resist corrosion
Wands
 i - a wand of acid (32)
 k - a wand of digging (14)
 n - a wand of random effects (10)
 D - a wand of paralysis (10)
 E - a wand of flame (67)
 F - a wand of disintegration (21)
 N - a wand of enslavement (6)
 P - a wand of iceblast (8)
Scrolls
 b - 4 scrolls of fear
 c - 7 scrolls of teleportation
 j - 17 scrolls of identify
 m - 6 scrolls of magic mapping
 q - 2 scrolls of blinking
 r - a scroll of silence
 u - 14 scrolls of remove curse
 Q - a scroll of amnesia
Potions
 l - 4 potions of curing
 w - 2 potions of flight
 z - 3 potions of mutation
 A - a potion of heal wounds
 C - a potion of magic
 L - 5 potions of might
 T - 2 potions of haste
 U - a potion of resistance
 V - a potion of cancellation
 Y - a potion of berserk rage
Books
 f - a manual of Hexes
Miscellaneous
 o - a phantom mirror


   Skills:
 - Level 5.0 Fighting
 - Level 14.0 Polearms
 + Level 6.2 Armour
 - Level 1.7 Dodging
 - Level 1.7 Stealth
 - Level 5.1 Shields
 - Level 13.0 Spellcasting
 + Level 21.2 Conjurations
 - Level 4.0 Translocations
 + Level 18.3 Fire Magic
 - Level 3.0 Earth Magic


You had 4 spell levels left.
You knew the following spells:

 Your Spells              Type           Power        Failure   Level
a - Fire Storm            Conj/Fire      54%          38%         9
b - Iron Shot             Conj/Erth      44%          2%          6
c - Iskenderun's Mystic   Conj/Tloc      89%          1%          4
d - Fireball              Conj/Fire      54%          1%          5
f - Ignition              Fire           53%          7%          8
g - Starburst             Conj/Fire      54%          1%          6
h - Mephitic Cloud        Conj/Pois/Air  69%          1%          3

Your spell library contained the following spells:

 Spells                   Type           Power        Failure   Level
 Chain Lightning          Conj/Air       41%          71%         8
 Foxfire                  Conj/Fire      100%         1%          1
 Magic Dart               Conj           100%         1%          1
 Searing Ray              Conj           100%         1%          2
 Conjure Flame            Conj/Fire      100%         1%          3
 Dazzling Flash           Conj/Hex       100%         1%          3
 Inner Flame              Hex/Fire       77%          1%          3
 Fulminant Prism          Conj/Hex       41%          1%          4
 Sticky Flame             Conj/Fire      100%         1%          4
 Gell's Gravitas          Tloc           27%          4%          3
 Passwall                 Tmut/Erth      30%          6%          2
 Beastly Appendage        Tmut           50%          8%          1
 Corona                   Hex            27%          8%          1
 Sting                    Tmut/Pois      100%         8%          1
 Summon Small Mammal      Summ           100%         8%          1
 Portal Projectile        Hex/Tloc       82%          10%         3
 Call Imp                 Summ           25%          11%         2
 Ensorcelled Hibernation  Hex/Ice        50%          11%         2
 Poisonous Vapours        Pois/Air       50%          11%         2
 Passage of Golubria      Tloc           N/A          13%         4
 Call Canine Familiar     Summ           25%          21%         3
 Confusing Touch          Hex            25%          21%         3
 Spider Form              Tmut/Pois      12%          21%         3
 Summon Guardian Golem    Hex/Summ       25%          21%         3
 Tukima's Dance           Hex            25%          21%         3
 Petrify                  Tmut/Erth      37%          32%         4
 Summon Ice Beast         Ice/Summ       25%          50%         4
 Summon Lightning Spire   Summ/Air       25%          50%         4
 Bolt of Magma            Conj/Fire/Erth 47%          1%          5
 Iskenderun's Battlesphe  Conj           100%         1%          5
 Orb of Destruction       Conj           56%          1%          7
 Freezing Cloud           Conj/Ice/Air   34%          13%         6
 Spellforged Servitor     Conj/Summ      41%          17%         7
 Yara's Violent Unravell  Hex/Tmut       12%          36%         5
 Metabolic Englaciation   Hex/Ice        12%          83%         5
 Dispersal                Tloc           27%          86%         6
 Disjunction              Tloc           27%          100%        8


Dungeon Overview and Level Annotations

Branches:
Dungeon (15/15)            Temple (1/1) D:7            Lair (6/6) D:11
  Swamp (4/4) Lair:2       Spider (0/4) Lair:4        Slime (0/5) Lair:5
    Orc (2/2) D:11            Elf (0/3) Orc:2        Vaults (5/5) D:13
  Crypt (0/3) Vaults:3     Depths (0/5) D:15          IceCv (visited)
Gauntlet (visited)

Altars:
Ashenzari
Cheibriados
Dithmenos
Elyvilon
Fedhas
Gozag
Hepliaklqana
Kikubaaqudgha
Makhleb
Nemelex Xobeh
Okawaru
Qazlal
Ru
Sif Muna
Trog
Uskayaw
Vehumet
Wu Jian
Xom
Yredelemnul
Zin
The Shining One
Beogh

Shops:
D:11 [(   Orc:1 :   Orc:2 *}?!?![   Vaults:2 !   Vaults:3 *   Vaults:4 [

Portals:
Trove: Vaults:2 (give +2 storm dragon scales)


Innate Abilities, Weirdness & Mutations

You have claws for feet.
You resist negative energy. (rN+)
You are powered by pain.
You are completely covered in sharp spines.
You are somewhat able to resist unholy torments (1 in 2 success).
You have an extremely huge brain. (Int +4)
Your body sometimes deteriorates upon taking damage.
You are robust. (+10% HP)
You occasionally shout uncontrollably at your foes.
Your spells are a little harder to cast, but a little more powerful.


Message History

You kill the vault sentinel!
Vehumet accepts your kill.
You feel your power returning.
You feel your dexterity returning.
A stone giant comes into view.
The quicksilver dragon is struck by your spines.
The quicksilver dragon completely misses you.
The quicksilver dragon claws you.
* * * LOW HITPOINT WARNING * * *
Your surroundings suddenly seem different.
An ettin comes into view. It is wielding two +0 dire flails.
As you read the scroll of teleportation, it crumbles to dust.
You feel strangely unstable.
You feel better.
A deep troll comes into view.
The quicksilver dragon breathes dispelling energy at you.
The bolt of dispelling energy hits you!!!
You feel strangely stable.
Your magical effects are unravelling.
You die...

...........#.....
.....C.Q...#.u$.....
.....C#....##........
......#....##D.....T.
......#....##........
.... #....##........
#....##.......#
#....#.......#
........#....#@......#
⌠.......#....#.......#
.......#§.§§##......#
#.....#§§§.##......#
#####.....#.§§.##...C...#
...##.....#.§..###.......
..)##.....#....# #......
.))# #p...#....# ......
''†# #...)#....# ......


You could see a green very ugly thing, a quicksilver dragon (catching breath),
an ettin and a deep troll.

Vanquished Creatures
  A golden dragon (Vaults:5)
  Nikola (Vaults:2)
  A tentacled monstrosity (Vaults:4)
  2 titans (Vaults:5)
  A quicksilver dragon (Vaults:5)
  3 sphinxes
  2 ancient champions (Vaults:4)
  Agnes (Vaults:4)
  A shadow dragon (Vaults:4)
  2 thorn hunters
  A storm dragon (Vaults:5)
  5 tengu reavers
  A fenstrider witch (Swamp:3)
  2 fire giants
  An iron dragon (Vaults:5)
  The ghost of kthxbai the Thaumaturge, a journeyman DECj of Vehumet (Swamp:1)
  11 vault wardens
  3 deep elf sorcerers
  A ghoul (Vaults:1)
  14 ironheart preservers
  A war gargoyle (Vaults:2)
  3 very ugly things
  6 stone giants
  2 bunyips
  A deep elf demonologist (Vaults:4)
  An entropy weaver (Vaults:3)
  6 ettins
  A deep elf death mage (Vaults:1)
  3 fire dragons
  6 eleionomae
  Fannar (Lair:3)
  Josephine (D:10)
  A deep elf high priest (Vaults:5)
  19 ogre magi
  5 great orbs of eyes
  Harold (D:8)
  5 ice dragons
  A rakshasa (Vaults:3)
  A boulder beetle (Vaults:1)
  25 hydras
  8 yaktaur captains
  26 vault guards
  2 ghost crabs
  8 centaur warriors
  6 alligators
  3 catoblepae
  61 two-headed ogres
  A death knight (Vaults:1)
  2 deep troll earth magi (Vaults:2)
  A vampire mage (Vaults:3)
  2 tengu warriors (D:15)
  2 deep troll shamans
  9 death yaks
  A dancing weapon (Vaults:5)
  An orc high priest (Orc:1)
  A shock serpent (shapeshifter) (Vaults:5)
  Urug (Lair:5)
  3 deep elf knights
  A titan skeleton (Vaults:4)
  7 skeletal warriors (Vaults:2)
  5 goliath frogs
  A storm dragon skeleton (Vaults:4)
  9 deep trolls
  8 spriggan druids
  3 deep elf archers
  3 glowing orange brains
  16 orc knights
  5 bog bodies
  12 swamp dragons
  5 phantasmal warriors
  15 ironbrand convokers
  A swamp dragon (shapeshifter) (Vaults:2)
  8 harpies
  3 necromancers
  31 ugly things
  5 wolf spiders
  2 orc sorcerers
  6 oklob plants
  12 deep elf magi
  4 cyclopes
  A will-o-the-wisp (Swamp:2)
  A human zombie (Vaults:4)
  A salamander (shapeshifter) (D:15)
  5 manticores
  An elephant (shapeshifter) (Gauntlet)
  3 centaur zombies
  A fire giant skeleton (Vaults:4)
  12 elephants
  3 ice statues (IceCv)
  Joseph (D:10)
  2 black mambas
  Psyche (D:8)
  A smoke demon (Gauntlet)
  11 vault sentinels
  2 gargoyles (D:15)
  A cane toad (shapeshifter) (Vaults:5)
  15 cane toads
  3 centaur skeletons (D:14)
  A storm dragon simulacrum (Vaults:2)
  Maggie (D:8)
  An efreet (D:15)
  29 yaktaurs
  A yaktaur zombie (Vaults:4)
  5 rime drakes
  6 freezing wraiths
  8 komodo dragons
  A red devil (Gauntlet)
  5 ice devils (IceCv)
  8 trolls
  A yaktaur skeleton (Vaults:4)
  3 bloated husks
  A jumping spider (Vaults:3)
  The ghost of Valentain the Chopper, an amateur GnCK of Xom (D:3)
  17 hornets
  2 polar bears
  A queen bee (shapeshifter) (D:13)
  A tengu conjurer (D:15)
  A blink frog (shapeshifter) (Vaults:3)
  14 tyrant leeches
  5 blink frogs (Lair:5)
  A raiju (shapeshifter) (Vaults:3)
  8 slime creatures
  An ettin zombie (Vaults:4)
  A fire giant simulacrum (Vaults:4)
  A shadow (D:13)
  17 spriggans
  A vampire (D:13)
  A redback (Vaults:3)
  28 yaks
  2 wyverns
  11 wraiths
  A basilisk (shapeshifter) (Vaults:5)
  A hog (shapeshifter) (Gauntlet)
  Grum (D:10)
  2 basilisks
  A steam dragon (Lair:4)
  16 vampire mosquitoes
  Menkaure (D:4)
  A small abomination (Gauntlet)
  A soldier ant (shapeshifter) (Vaults:2)
  8 wargs
  20 swamp worms
  18 water moccasins
  3 acid dragons
  6 sky beasts
  A hornet zombie (D:11)
  45 orc warriors
  7 phantoms
  7 swamp drakes
  3 black bears
  59 ogres
  The ghost of kelmiir the Skirmisher, an amateur HOAK of Lugonu (D:3)
  2 eyes of draining
  12 ice beasts
  An eye of draining (shapeshifter) (Vaults:4)
  A black bear (shapeshifter) (D:12)
  5 boggarts (Vaults:3)
  2 necrophages
  9 wolves
  7 centaurs
  A big kobold (shapeshifter) (Gauntlet)
  3 big kobolds
  2 wyvern zombies
  22 bullfrogs
  4 scorpions
  19 wights
  19 killer bees
  3 howler monkeys
  11 crimson imps
  2 bullfrog zombies
  A human simulacrum (Vaults:4)
  A quasit (D:7)
  A draconian simulacrum (IceCv)
  5 hounds
  4 jellies
  18 orc priests
  A gnoll shaman (D:6)
  23 orc wizards
  4 iguanas
  Ijyb (D:4)
  3 troll simulacra (IceCv)
  14 worker ants
  A killer bee zombie (D:5)
  A centaur simulacrum (IceCv)
  2 hound zombies
  A mummy (D:7)
  Robin (D:2)
  A howler monkey zombie (D:10)
  8 gnolls (D:6)
  An ogre simulacrum (IceCv)
  10 adders
  4 naga simulacra (IceCv)
  A shadow imp (D:10)
  3 white imps
  An ooze (D:1)
  An ufetubus (D:7)
  An adder skeleton (D:4)
  3 worms
  A dart slug (D:1)
  5 leopard geckos
  108 orcs
  10 bats
  5 giant cockroaches
  17 goblins
  20 hobgoblins
  7 jackals
  7 quokkas
  5 frilled lizards
  A hobgoblin zombie (D:7)
  19 kobolds
  A leopard gecko skeleton (D:5)
  3 orc zombies (D:7)
  A quokka skeleton (D:5)
  6 rats
  7 crawling corpses (Vaults:5)
1362 creatures vanquished.

Vanquished Creatures (others)
  A hydra (Swamp:1)
  A spriggan (Swamp:1)
  A spriggan druid (Swamp:1)
  A bloated husk (Swamp:3)
  A hornet (Swamp:1)
  A briar patch (Swamp:4)
  37 fulminant prisms
  39 fungi
  64 plants
  5 toadstools (D:7)
  A withered plant (D:3)
152 creatures vanquished.

Grand Total: 1514 creatures vanquished

Notes
Turn   | Place    | Note
-------+----------+-------------------------------------------
     0 | D:1      | Omniphobia the Demonspawn Conjurer began the quest for the
                  | Orb.
     0 | D:1      | Reached XP level 1. HP: 13/13 MP: 3/3
   188 | D:1      | Gained mutation: You sometimes gain a little power by
                  | taking damage. [demonic ancestry]
   188 | D:1      | Reached XP level 2. HP: 19/19 MP: 3/5
   875 | D:1      | Reached XP level 3. HP: 24/24 MP: 1/6
   943 | D:1      | Reached skill level 5 in Conjurations
  1267 | D:2      | Noticed a bullfrog
  1278 | D:1      | Learned a level 2 spell: Searing Ray
  1532 | D:2      | Noticed Robin
  1690 | D:2      | Killed a bullfrog
  1691 | D:2      | Gained mutation: You have sharp toenails. [demonic
                  | ancestry]
  1691 | D:2      | Reached XP level 4. HP: 30/30 MP: 2/8
  2109 | D:2      | Found a faded altar of an unknown god.
  2248 | D:2      | Killed Robin
  2249 | D:2      | Reached XP level 5. HP: 35/35 MP: 3/9
  3197 | D:3      | Found a runed translucent gate.
  3197 | D:3      | Found a runed translucent gate.
  3356 | D:3      | Reached skill level 6 in Conjurations
  3562 | D:3      | Found a runed translucent gate.
  3564 | D:3      | Noticed kelmiir's ghost (amateur HOAK)
  3564 | D:3      | Noticed Valentain's ghost (amateur GnCK)
  3598 | D:3      | Killed kelmiir's ghost
  3599 | D:3      | Gained mutation: You are partially covered in sharp spines.
                  | [demonic ancestry]
  3599 | D:3      | Reached XP level 6. HP: 36/41 MP: 3/12
  3613 | D:3      | Killed Valentain's ghost
  3614 | D:3      | Gained mutation: You are mostly covered in sharp spines.
                  | [demonic ancestry]
  3614 | D:3      | Reached XP level 7. HP: 21/46 MP: 1/14
  4039 | D:4      | Noticed Menkaure
  4049 | D:4      | Killed Menkaure
  4050 | D:4      | Reached skill level 5 in Spellcasting
  4050 | D:4      | Reached skill level 7 in Conjurations
  4203 | D:4      | Noticed Ijyb
  4221 | D:4      | Killed Ijyb
  4510 | D:4      | Reached skill level 1 in Fighting
  5006 | D:4      | Found an iron altar of Okawaru.
  5218 | D:5      | Entered Level 5 of the Dungeon
  5271 | D:5      | Reached XP level 8. HP: 54/57 MP: 16/16
  5371 | D:5      | Got a distressingly furry robe
  5382 | D:5      | Identified the +3 robe of Kindness {Rampage Will- rCorr
                  | Str+8} (You found it on level 5 of the Dungeon)
  5387 | D:5      | Learned a level 4 spell: Iskenderun's Mystic Blast
  5409 | D:5      | Reached skill level 1 in Translocations
  5470 | D:5      | Reached skill level 8 in Conjurations
  6615 | D:6      | Reached XP level 9. HP: 47/62 MP: 19/19
  6880 | D:6      | Reached skill level 9 in Conjurations
  7200 | D:6      | Found a blossoming altar of Fedhas.
  7475 | D:7      | Noticed a cyclops
  7779 | D:7      | Found a staircase to the Ecumenical Temple.
  7792 | Temple   | Entered the Ecumenical Temple
  7900 | Temple   | Became a worshipper of Vehumet
  8473 | D:7      | Reached skill level 10 in Conjurations
  8771 | D:6      | Learned a level 4 spell: Fulminant Prism
  9014 | D:7      | Reached * piety under Vehumet
  9014 | D:7      | Offered knowledge of Freeze by Vehumet.
  9100 | D:8      | Noticed Psyche
  9107 | D:8      | Killed Psyche
  9212 | D:8      | Noticed Maggie
  9571 | D:8      | Gained mutation: You have an unusually large brain. (Int
                  | +2) [demonic ancestry]
  9571 | D:8      | Reached XP level 10. HP: 67/68 MP: 22/22
  9603 | D:8      | Gained mutation: Your muscles are strong. (Str +2) [potion
                  | of mutation]
  9603 | D:8      | Gained mutation: You have razor-sharp toenails. [potion of
                  | mutation]
  9603 | D:8      | Lost mutation: Your muscles are strong. (Str +2) [potion of
                  | mutation]
  9603 | D:8      | Gained mutation: Your system is resistant to poisons.
                  | (rPois) [potion of mutation]
  9613 | D:8      | Killed Maggie
  9744 | D:8      | Noticed a two-headed ogre
  9831 | D:8      | Noticed Harold
  9841 | D:8      | Killed Harold
 10042 | D:8      | Reached skill level 11 in Conjurations
 10045 | D:8      | Noticed a two-headed ogre
 10057 | D:8      | Killed a two-headed ogre
 10272 | D:8      | Found an iron altar of Okawaru.
 10582 | D:8      | Reached skill level 1 in Armour
 10656 | D:8      | Killed a two-headed ogre
 10657 | D:8      | Reached skill level 10 in Spellcasting
 10770 | D:9      | Offered knowledge of Shock by Vehumet.
 10932 | D:9      | Reached ** piety under Vehumet
 11079 | D:9      | Mutation became permanent: You have sharp toenails.
                  | [demonic ancestry]
 11079 | D:9      | Gained mutation: You have razor-sharp toenails. [demonic
                  | ancestry]
 11079 | D:9      | Reached XP level 11. HP: 31/73 MP: 17/25
 11491 | D:9      | Offered knowledge of Frozen Ramparts by Vehumet.
 11625 | D:9      | Found a shimmering blue altar of Sif Muna.
 11681 | D:9      | Reached skill level 1 in Polearms
 11937 | D:10     | Entered Level 10 of the Dungeon
 11937 | D:10     | Noticed Joseph
 11945 | D:10     | Killed Joseph
 11947 | D:10     | Reached skill level 12 in Conjurations
 11978 | D:10     | Noticed Grum
 11991 | D:10     | Killed Grum
 12056 | D:10     | Reached *** piety under Vehumet
 12138 | D:10     | Found a snail-covered altar of Cheibriados.
 12309 | D:10     | Offered knowledge of Conjure Flame by Vehumet.
 12541 | D:10     | Paralysed by an orc priest for 5 turns
 12760 | D:10     | Noticed Josephine
 13115 | D:10     | Killed Josephine
 13321 | D:10     | Got a dazzling leather armour
 13332 | D:10     | Identified the cursed +0 leather armour of Xalirpheu {rF+
                  | rC- rCorr Dex+3} (You found it on level 10 of the Dungeon)
 13771 | D:11     | Found a gate leading to a gauntlet.
 13779 | D:11     | Reached **** piety under Vehumet
 13793 | Gauntlet | Entered a Gauntlet
 13793 | Gauntlet | Found a transporter.
 13793 | Gauntlet | Found a transporter.
 13793 | Gauntlet | Found a transporter.
 13793 | Gauntlet | Noticed a harpy
 13794 | Gauntlet | a harpy changed into a human
 13796 | Gauntlet | Noticed a harpy
 13798 | Gauntlet | Noticed a death scarab
 13808 | Gauntlet | Noticed a death scarab
 13837 | Gauntlet | Found a transporter.
 13847 | Gauntlet | Found a transporter.
 13862 | Gauntlet | Found a transporter.
 13870 | Gauntlet | Noticed a death ooze
 13872 | Gauntlet | Found a transporter.
 13887 | Gauntlet | Found a transporter.
 13893 | Gauntlet | Found a transporter.
 13907 | Gauntlet | Found a transporter.
 13912 | Gauntlet | Noticed a fire crab
 13926 | Gauntlet | Found a transporter.
 13928 | Gauntlet | Found a transporter.
 14388 | Gauntlet | Noticed a minotaur
 14425 | Gauntlet | Got a brightly glowing scale mail
 14602 | D:11     | Offered knowledge of Fireball by Vehumet.
 14622 | D:11     | Learned a level 5 spell: Fireball
 14682 | D:11     | Noticed an orc knight
 14857 | D:11     | Killed an orc knight
 14858 | D:11     | Reached skill level 5 in Polearms
 14858 | D:11     | Gained mutation: You have claws for feet. [demonic
                  | ancestry]
 14858 | D:11     | Reached XP level 12. HP: 55/84 MP: 1/26
 14860 | D:11     | Reached skill level 1 in Fire Magic
 15128 | D:11     | Found Vysocyti's Armour Boutique.
 15130 | D:11     | Found a staircase to the Orcish Mines.
 15132 | D:11     | Found Qigyeczi's Weapon Boutique.
 15427 | D:11     | Found a staircase to the Lair.
 15831 | Lair:1   | Entered Level 1 of the Lair of Beasts
 16336 | Lair:1   | Reached skill level 1 in Shields
 16864 | Lair:2   | Noticed a six-headed hydra
 16880 | Lair:2   | Killed a six-headed hydra
 16995 | Lair:2   | Learned a level 7 spell: Orb of Destruction
 17001 | Lair:2   | Found a basalt altar of Yredelemnul.
 17424 | Lair:2   | Found a staircase to the Swamp.
 17445 | Lair:2   | Reached ***** piety under Vehumet
 17445 | Lair:2   | Offered knowledge of Freezing Cloud by Vehumet.
 17735 | Lair:2   | Identified the +1 scale mail of Privacy {Int+2} (You found
                  | it in a Gauntlet)
 18103 | Lair:3   | Identified Nomeapist's Tome of Displaced Moulding
 18119 | Lair:3   | Noticed Fannar
 18123 | Lair:3   | Killed Fannar
 18809 | Lair:4   | Found a hole to the Spider Nest.
 19004 | Lair:4   | Found the +7 lajatang of Order {silver, rMut}
 19042 | Lair:4   | Gained mutation: You sometimes gain power by taking damage.
                  | [demonic ancestry]
 19042 | Lair:4   | Reached XP level 13. HP: 70/90 MP: 22/27
 19047 | Lair:4   | Reached skill level 5 in Fire Magic
 20181 | Lair:5   | Reached skill level 5 in Shields
 20432 | Lair:5   | Found a staircase to the Slime Pits.
 20729 | Lair:5   | Reached skill level 10 in Polearms
 21082 | Lair:5   | Reached skill level 13 in Conjurations
 21356 | Lair:5   | Noticed Urug
 21367 | Lair:5   | Killed Urug
 21590 | Lair:6   | Entered Level 6 of the Lair of Beasts
 22130 | Lair:6   | Gained mutation: You have an extremely huge brain. (Int +4)
                  | [demonic ancestry]
 22130 | Lair:6   | Reached XP level 14. HP: 96/96 MP: 7/28
 23179 | Orc:1    | Entered Level 1 of the Orcish Mines
 23279 | Orc:1    | Found Doamezyo's Book Shoppe.
 23492 | Orc:1    | Offered knowledge of Ozocubu's Refrigeration by Vehumet.
 24154 | Orc:2    | Entered Level 2 of the Orcish Mines
 24168 | Orc:2    | Found a staircase to the Elven Halls.
 24404 | Orc:2    | Found Joff's Magic Scroll Emporium.
 24410 | Orc:2    | Paralysed by an ogre mage for 7 turns
 24711 | Orc:2    | Offered knowledge of Irradiate by Vehumet.
 24999 | Orc:2    | Found Dowyot's Magic Scroll Emporium.
 24999 | Orc:2    | Found Ficacan's Distillery.
 25027 | Orc:2    | Found Ystoergho's General Store.
 25027 | Orc:2    | Found Ruruetta's Gadget Emporium.
 25039 | Orc:2    | Bought a potion of magic for 120 gold pieces
 25096 | Orc:2    | Found Useth's Distillery.
 25104 | Orc:2    | Found Poluypes's Armour Boutique.
 25394 | Orc:2    | Found a roughly hewn altar of Beogh.
 26213 | D:13     | You fall into a shaft and drop 2 floors!
 26213 | D:15     | Entered Level 15 of the Dungeon
 26217 | D:15     | Gained mutation: You are completely covered in sharp
                  | spines. [demonic ancestry]
 26217 | D:15     | Reached XP level 15. HP: 83/101 MP: 18/29
 26220 | D:15     | Reached skill level 5 in Armour
 26270 | D:15     | Found a frozen archway.
 26309 | IceCv    | Entered an ice cave
 26576 | IceCv    | Reached skill level 5 in Fighting
 26628 | IceCv    | Got a dazzling trident
 26629 | IceCv    | Identified the +6 trident "Kullujof" {flame, rC- Will++
                  | MP+9 Str+9} (You found it in an ice cave)
 27196 | D:15     | Found a staircase to the Depths.
 27391 | D:15     | Reached ****** piety under Vehumet
 28155 | D:14     | Offered knowledge of Lightning Bolt by Vehumet.
 28868 | D:13     | Reached skill level 14 in Conjurations
 29271 | D:13     | Reached skill level 10 in Fire Magic
 29640 | D:13     | Found a gate to the Vaults.
 30126 | Swamp:1  | Entered Level 1 of the Swamp
 30236 | Swamp:1  | Noticed kthxbai's ghost (journeyman DECj)
 30243 | Swamp:1  | Found a transporter.
 30288 | Swamp:1  | Found a transporter.
 30448 | Swamp:1  | Identified a scroll of acquirement
 30448 | Swamp:1  | Acquired 1195 gold pieces
 30615 | Swamp:1  | Reached XP level 16. HP: 71/109 MP: 32/32
 31235 | Swamp:1  | Learned a level 6 spell: Iron Shot
 31255 | Swamp:1  | Killed kthxbai's ghost
 31311 | Swamp:1  | Got a pair of shimmering gloves
 31322 | Swamp:1  | Identified the +0 pair of gloves of Wetek {rC+++ Str-2
                  | Dex-5 Slay+2} (You found it on level 1 of the Swamp)
 31328 | Swamp:1  | Learned a level 3 spell: Mephitic Cloud
 32382 | Swamp:3  | Reached skill level 15 in Conjurations
 32385 | Swamp:3  | Noticed a thorn hunter
 32391 | Swamp:3  | Killed a thorn hunter
 32785 | Swamp:3  | Paralysed by a fenstrider witch for 5 turns
 32976 | Swamp:3  | Found a sparkling altar of Nemelex Xobeh.
 33290 | Swamp:4  | Entered Level 4 of the Swamp
 33307 | Swamp:4  | Reached skill level 1 in Earth Magic
 33311 | Swamp:4  | Noticed a thorn hunter
 33950 | Swamp:4  | Gained mutation: You are powered by pain. [demonic
                  | ancestry]
 33950 | Swamp:4  | Reached XP level 17. HP: 89/115 MP: 15/34
 34079 | Swamp:4  | Offered knowledge of Starburst by Vehumet.
 34093 | Swamp:4  | Reached skill level 16 in Conjurations
 34354 | Swamp:4  | Got a decaying rune of Zot
 34555 | Swamp:4  | Lost mutation: Your system is resistant to poisons. (rPois)
                  | [potion of mutation]
 34555 | Swamp:4  | Gained mutation: You are frail. (-10% HP) [potion of
                  | mutation]
 34555 | Swamp:4  | Gained mutation: Your muscles are strong. (Str +2) [potion
                  | of mutation]
 34556 | Swamp:4  | Lost mutation: Your muscles are strong. (Str +2) [potion of
                  | mutation]
 34556 | Swamp:4  | Lost mutation: You are frail. (-10% HP) [potion of
                  | mutation]
 34556 | Swamp:4  | Gained mutation: You tend to lose your temper in combat.
                  | [potion of mutation]
 34556 | Swamp:4  | Gained mutation: You are clumsy. (Dex -2) [potion of
                  | mutation]
 34556 | Swamp:4  | Gained mutation: Your spells are a little harder to cast,
                  | but a little more powerful. [potion of mutation]
 34556 | Swamp:4  | Gained mutation: Your spells are harder to cast, but more
                  | powerful. [potion of mutation]
 34557 | Swamp:4  | Lost mutation: You are clumsy. (Dex -2) [potion of
                  | mutation]
 34557 | Swamp:4  | Lost mutation: Your spells are harder to cast, but more
                  | powerful. [potion of mutation]
 34557 | Swamp:4  | Gained mutation: Your body sometimes deteriorates upon
                  | taking damage. [potion of mutation]
 34557 | Swamp:4  | Lost mutation: You tend to lose your temper in combat.
                  | [potion of mutation]
 34557 | Swamp:4  | Gained mutation: You occasionally shout uncontrollably at
                  | your foes. [potion of mutation]
 34557 | Swamp:4  | Gained mutation: You are robust. (+10% HP) [potion of
                  | mutation]
 34813 | Vaults:1 | Entered Level 1 of the Vaults
 35715 | Vaults:1 | Learned a level 6 spell: Starburst
 35792 | Vaults:1 | Got a pair of bloodstained gloves
 35803 | Vaults:1 | Identified the cursed +0 pair of gloves of Lugonu's Scorn
                  | {rF+ Str+5} (You found it on level 1 of the Vaults)
 36266 | Vaults:1 | Reached skill level 17 in Conjurations
 36965 | Vaults:2 | Offered knowledge of Lee's Rapid Deconstruction by Vehumet.
 37274 | Vaults:2 | Found Yvidgh's Distillery.
 37369 | Vaults:2 | Gained mutation: You resist negative energy. (rN+) [demonic
                  | ancestry]
 37369 | Vaults:2 | Reached XP level 18. HP: 133/133 MP: 22/35
 37748 | Vaults:2 | Found a portal to a secret trove of treasure.
 38075 | Vaults:2 | Reached skill level 18 in Conjurations
 38241 | Vaults:2 | Noticed Nikola
 38265 | Vaults:2 | Killed Nikola
 38285 | Vaults:2 | Reached skill level 15 in Fire Magic
 38457 | Vaults:2 | Offered knowledge of Lehudib's Crystal Spear by Vehumet.
 39348 | Vaults:3 | Found a staircase to the Crypt.
 40414 | Vaults:3 | Reached skill level 19 in Conjurations
 40540 | Vaults:3 | Reached XP level 19. HP: 110/138 MP: 26/36
 40747 | Vaults:3 | Offered knowledge of Fire Storm by Vehumet.
 40747 | Vaults:3 | Offered knowledge of Chain Lightning by Vehumet.
 40747 | Vaults:3 | Offered knowledge of Ignition by Vehumet.
 40886 | Vaults:3 | Acquired an uncursed staff of conjuration
 40887 | Vaults:3 | Acquired the ring "Cataaph" {rF+ Int+4}
 41230 | Vaults:3 | Found Fawer's General Store.
 41449 | Vaults:4 | Noticed Agnes
 41461 | Vaults:4 | Killed Agnes
 41606 | Vaults:4 | Found Haurr's Armour Shoppe.
 41610 | Vaults:4 | Bought a +1 buckler of protection for 346 gold pieces
 42496 | Vaults:4 | Reached skill level 20 in Conjurations
 43231 | Vaults:4 | Learned a level 8 spell: Ignition
 43243 | Vaults:4 | Learned a level 9 spell: Fire Storm
 43257 | Vaults:5 | Entered Level 5 of the Vaults
 43259 | Vaults:5 | Gained mutation: You are somewhat able to resist unholy
                  | torments (1 in 2 success). [demonic ancestry]
 43259 | Vaults:5 | Reached XP level 20. HP: 146/146 MP: 37/37
 43271 | Vaults:5 | Noticed a golden dragon
 43278 | Vaults:5 | Killed a golden dragon
 43686 | Vaults:5 | Reached skill level 21 in Conjurations
 43982 | Vaults:5 | Noticed a golden dragon
 44211 | Vaults:5 | HP: 4/146 [acid (11)]
 44218 | Vaults:5 | Killed from afar by a quicksilver dragon

Illustrated notes

Levels and vault maps discovered:
D:1:      dpeg_arrival_rooms_c, layout_basic, corexii_leaking_fountain
D:2:      layout_loops_ring, chequers_ecumenical_altar_simple, uniq_robin
D:3:      layout_loops_corners, gammafunk_ghost_cemetery
D:4:      layout_gridville, nicolae_overflow_crystal_walls, minivault_23,
          minmay_checkerbox, uniq_ijyb, uniq_menkaure
D:5:      layout_cave_pools
D:6:      layout_loops_corners, fedhas_altar_decomposition
D:7:      layout_basic, minmay_temple_entry_statues, minmay_gold_behind_fungi,
          minmay_mini_ossuary
D:8:      layout_gridville, minmay_ruined_shrine, uniq_harold, uniq_maggie,
          uniq_psyche
D:9:      layout_big_octagon, basic_altar
D:10:     layout_irregular_city, basic_altar, uniq_joseph, uniq_josephine,
          uniq_grum
D:11:     layout_long_grid, lair_entry_dummy, orc_david_3,
          gauntlet_entry_generic, minmay_nine_imps
D:12:     layout_rooms, nicolae_zen_rock_garden
D:13:     layout_small_grid, david_vaults_4
D:14:     nzn_motion_control, layout_gridville, dk_noncrumbling_3
D:15:     grunt_enter_depths_snipers, layout_rooms,
          portal_ice_cave_entry_ice_beasts, minivault_23
Temple:   compressed_dpeg_circular_temple
Lair:1:   layout_hall_layers, grunt_megastairs_1
Lair:2:   layout_roguey, skrybe_swamp_entry_bodies, basic_altar,
          lemuel_fruit_tree, minmay_lair_oklob_chamber
Lair:3:   layout_regular_city, uniq_fannar
Lair:4:   layout_roguey, dummy_spider_entry, beast_lair_carwin_10
Lair:5:   layout_layer_cave, minmay_slime_entry_oklob_enclosed,
          lemuel_fruit_fields, uniq_urug
Lair:6:   grunt_lair_end_beastmaster, layout_cave_pods
Swamp:1:  layout_basic_swamp, gammafunk_ghost_arena, evilmike_swamp_ruin_wall
Swamp:2:  layout_falls_marsh, evilmike_swamp_ruin_rubble_2, swamp_pool4
Swamp:3:  layout_basic_swamp, basic_altar
Swamp:4:  swamp, layout_basic_swamp, swamp_pool1
Orc:1:    nicolae_orc_accident_1, layout_caves, serial_shops,
          nicolae_shop_statue_plus
Orc:2:    st_orc_ogre_mass, layout_diamond_mine, serial_shops,
          nicolae_shop_crystal, shop, shop, lemuel_statue_altar
Vaults:1: hangedman_vaults_hat, vaults_room_door_hall, grunt_vaults_diagonal,
          nicolae_vaults_yaktaur_gun_rack, v_pattern_1, v_misc_11,
          ontoclasm_vaults_shuriken, layout_vaults_omnigrid
Vaults:2: hangedman_vaults_slither, hangedman_vaults_stagger,
          vaults_mumra_chevron_long, v_pattern_3, v_misc_1,
          ontoclasm_vaults_loading_screen, vaults_room_hangedman_quadrants,
          hangedman_vaults_slice, vaults_room_grunt_arrival_ludios,
          layout_vaults_omnicross, serial_shops, shop, enter_trove_2,
          uniq_nikola
Vaults:3: v_rooms_1, minmay_crypt_entry_simple_corners, v_misc_14,
          vaults_room_octagon, v_misc_4, nicolae_vaults_network_square,
          nicolae_vaults_little_squares_3, nicolae_vaults_display_case,
          v_misc_18, layout_vaults_maze_snakey, serial_shops, shop
Vaults:4: vaults_room_hallway, hangedman_vaults_unwind, sword_in_stone,
          vaults_mumra_minichess_inversion, ontoclasm_vaults_spin,
          nicolae_vaults_three_branches, v_rooms_6,
          nicolae_vaults_border_crossing, vaults_dpeg_diagonal,
          layout_vaults_big_room, serial_shops, shop
Vaults:5

Skill      XL: |  1  2  3  4  5  6  7  8  9 10 11 12 13 14 15 16 17 18 19 20 |
---------------+-------------------------------------------------------------+-----
Conjurations   | 5 6 7 8 10 11 12 13 14 15 17 19 20 21 | 21.2
Spellcasting   | 3 4 5 6 8 10 12 13 | 13.0
Fighting       | 2 4 5 |  5.0
Translocations | 3 4 |  4.0
Armour         | 3 4 5 6 |  6.2
Polearms       | 5 8 11 14 | 14.0
Fire Magic     | 4 5 8 10 12 14 15 17 18 | 18.3
Shields        | 4 5 |  5.1
Earth Magic    | 3 |  3.0
Dodging        | |  1.7
Stealth        | |  1.7

Action                   |  1- 3 |  4- 6 |  7- 9 | 10-12 | 13-15 | 16-18 | 19-21 || total
-------------------------+-------+-------+-------+-------+-------+-------+-------++-------
Melee: Spear             |     5 |       |       |       |       |       |       ||     5
       Dagger            |     2 |   113 |   245 |       |       |       |       ||   360
       Kick              |       |    15 |    80 |    79 |   168 |   103 |    55 ||   500
       Falchion          |       |       |    33 |    55 |       |       |       ||    88
       Trident           |       |       |       |   139 |       |       |       ||   139
       Demon trident     |       |       |       |   200 |  1010 |   626 |   277 ||  2113
       Staff             |       |       |       |       |       |       |     6 ||     6
 Cast: Magic Dart        |    58 |    27 |     1 |       |       |       |       ||    86
       Searing Ray       |     2 |     9 |    34 |    31 |       |       |       ||    76
       Fulminant Prism   |       |       |     1 |    36 |       |       |       ||    37
       Iskenderun's Myst |       |       |     1 |    31 |    50 |    36 |     5 ||   123
       Fireball          |       |       |       |    17 |    65 |    70 |    21 ||   173
       Orb of Destructio |       |       |       |     4 |    52 |    57 |     4 ||   117
       Starburst         |       |       |       |       |       |    88 |    42 ||   130
       Iron Shot         |       |       |       |       |       |    12 |    57 ||    69
       Mephitic Cloud    |       |       |       |       |       |     1 |       ||     1
       Ignition          |       |       |       |       |       |       |    23 ||    23
Evoke: Phantom mirror    |       |       |     1 |       |       |       |       ||     1
       Wand              |       |       |       |     4 |       |       |       ||     4
  Use: Scroll            |     3 |     2 |    12 |     9 |     8 |    15 |    14 ||    63
       Potion            |       |     6 |     1 |     9 |     2 |    18 |    10 ||    46
 Stab: Sleeping          |       |     1 |     5 |     2 |       |       |       ||     8
       Invisible         |       |     1 |       |       |       |       |       ||     1
       Paralysed         |       |       |       |     5 |       |       |       ||     5
       Distracted        |       |       |       |     1 |       |       |       ||     1
       Petrified         |       |       |       |       |    13 |       |       ||    13
       Petrifying        |       |       |       |       |     1 |       |       ||     1
Armor: Robe              |     8 |    13 |    59 |     3 |       |       |       ||    83
       Ring mail         |       |    24 |    31 |     1 |       |       |       ||    56
       Swamp dragon scal |       |       |       |   171 |   231 |   175 |    61 ||   638
Dodge: Dodged            |     9 |    60 |   111 |   181 |   225 |   203 |    68 ||   857
Block: Buckler           |       |       |       |     9 |   123 |    74 |    37 ||   243
       Rpst.: Falchion   |       |       |     5 |    11 |       |       |       ||    16
